 Dungeon Crawl Stone Soup version 0.27-a0-899-ge2d0b17c59 (webtiles) character file.

Game seed: 2746842943034174090

141 robertstho the Magician (level 5, -1/29 HPs)
             Began as a Deep Elf Earth Elementalist on Apr 5, 2021.
             Succumbed to a scorpion's poison
             ... on level 5 of the Dungeon.
             The game lasted 00:04:12 (2259 turns).

robertstho the Magician (DEEE)                      Turns: 2259, Time: 00:04:13

Health: -1/29      AC:  2    Str:  3 (5)  XL:     5   Next: 3%
Magic:  0/14       EV: 12    Int: 19 (21) God:
Gold:   42         SH:  0    Dex: 13 (15) Spells: 4/14 levels left

rFire    + . .     SeeInvis .   e - +0 mace
rCold    . . .     Faith    .   (no shield)
rNeg     . . .     Spirit   .   c - +0 robe
rPois    .         Reflect  .   (no helmet)
rElec    .         Harm     .   (no cloak)
rCorr    .         Rampage  .   (no gloves)
Will     .....                  (no boots)
Stlth    ++........             (no amulet)
HPRegen  0.09/turn              g - ring of protection from fire
MPRegen  0.14/turn              (no ring)

@: lethally poisoned (-1 -> -14)
A: no striking features
a: no special abilities


You were on level 5 of the Dungeon.
You visited 1 branch of the dungeon, and saw 4 of its levels.

You collected 42 gold pieces.

Inventory:

Hand Weapons
 e - a +0 mace (weapon)
Missiles
 h - 7 stones
Armour
 c - a +0 robe (worn)
Jewellery
 g - a ring of protection from fire (left hand)
Scrolls
 a - a scroll of fear {unknown}
 d - a scroll of brand weapon {unknown}
 f - a scroll of silence {unknown}
 i - 2 scrolls of teleportation {unknown}


   Skills:
 * Level 1.2 Fighting
 + Level 1.1 Maces & Flails
 + Level 2.6 Dodging
 + Level 2.9 Stealth
 * Level 5.0 Spellcasting
 + Level 1.1 Transmutations
 + Level 4.0 Earth Magic


You had 4 spell levels left.
You knew the following spells:

 Your Spells              Type           Power      Damage    Failure   Level
a - Sandblast             Erth           38%        2d10      2%          1
b - Passwall              Tmut/Erth      11%        N/A       7%          2
c - Stone Arrow           Conj/Erth      24%        3d8       16%         3
d - Petrify               Tmut/Erth      14%        N/A       41%         4

Your spell library contained the following spells:

 Spells                   Type           Power      Damage    Failure   Level
 Lee's Rapid Deconstruct  Erth           9%         3d8*      54%         5


Dungeon Overview and Level Annotations

Branches:
Dungeon (5/15)
 Temple: D:4-7

Altars:
Hepliaklqana

Shops:
D:1 *

Annotations:
D:1 233 boots


Message History

You hit the scorpion.
The scorpion is severely wounded.
The scorpion stings you but does no damage.
The scorpion misses you.
You barely miss the scorpion.
The scorpion is severely wounded.
The scorpion stings you!
* * * LOW HITPOINT WARNING * * *
It was a potion of heal wounds.
You feel much better. The scorpion stings you. The scorpion stings you!
You are poisoned.
The scorpion poisons you!
You hit the scorpion but do no damage.
The scorpion is severely wounded.
You feel very sick. The scorpion stings you.
Casting: Sandblast (safe; 1% risk of failure)
Confirm with . or Enter, or press ? or * to list all spells.
Aiming: Sandblast (safe; 1% risk of failure)
Press: ? - help, Shift-Dir - straight line, f/p - scorpion
Aim: a scorpion (severely wounded, 19% to evade)
The blast of sand hits the scorpion but does no damage.
The scorpion is severely wounded.
You feel sick. The scorpion stings you!
* * * LOW HITPOINT WARNING * * *
You are more poisoned.
The scorpion poisons you!
You feel much better.
You feel very sick. The scorpion stings you.
* * * LOW HITPOINT WARNING * * *
It was a potion of degeneration.
There was something very wrong with that liquid.
You feel weakened.
You feel dopey.
You feel clumsy.
* * * LOW HITPOINT WARNING * * *
You feel very sick. The scorpion barely misses you. x2
You closely miss the scorpion.
The scorpion is severely wounded.
You die...

.. .. ... .. #
...#. #.. .#.#
...#.##.#..#.#
........#......
........#..#.#
...........r.#
...........#
#s# #@# #.# ..#
.... .....
.###.## #. ..#
# ###


You could see a scorpion.

Vanquished Creatures
  A hound (D:4)
  6 gnolls
  3 dart slugs
  An orc (D:5)
  7 ball pythons
  4 bats
  2 endoplasms (D:2)
  6 giant cockroaches
  2 goblins
  5 hobgoblins
  3 quokkas
  A frilled lizard (D:1)
  A kobold (D:2)
  4 rats (D:1)
46 creatures vanquished.

Vanquished Creatures (others)
  2 fungi (D:2)
  5 plants (D:2)
7 creatures vanquished.

Grand Total: 53 creatures vanquished

Notes
Turn   | Place    | Note
-------+----------+-------------------------------------------
     0 | D:1      | robertstho the Deep Elf Earth Elementalist began the quest
                  | for the Orb.
     0 | D:1      | Reached XP level 1. HP: 10/10 MP: 6/6
   138 | D:1      | Reached XP level 2. HP: 15/15 MP: 3/8
   588 | D:1      | Reached XP level 3. HP: 20/20 MP: 8/10
   618 | D:1      | Reached skill level 4 in Spellcasting
   659 | D:1      | Found Anuihaem's Assorted Antiques.
  2097 | D:2      | You fall into a shaft and drop 2 floors!
  2102 | D:4      | Reached skill level 1 in Fighting
  2102 | D:4      | Reached XP level 4. HP: 21/25 MP: 7/12
  2175 | D:4      | Learned a level 2 spell: Passwall
  2179 | D:4      | Learned a level 3 spell: Stone Arrow
  2184 | D:4      | Learned a level 4 spell: Petrify
  2186 | D:4      | Reached skill level 1 in Maces & Flails
  2207 | D:4      | Reached skill level 5 in Spellcasting
  2207 | D:4      | Reached XP level 5. HP: 29/29 MP: 0/14
  2233 | D:4      | Found a hazy altar of Hepliaklqana.
  2243 | D:5      | Entered Level 5 of the Dungeon
  2259 | D:5      | Succumbed to a scorpion's poison

Illustrated notes

Levels and vault maps discovered:
D:1:      psy_arrival_radial02, layout_basic, serial_shops,
          nicolae_shop_crystal, corexii_leaking_fountain
D:2:      layout_basic, shapermc_ecumenical_altar_hornbeckon
D:4:      layout_basic, lemuel_round_altar
D:5:      layout_basic, amcnicky_altar_gilded, uniq_blork_the_orc

Skill      XL: |  1  2  3  4 |
---------------+-------------+-----
Spellcasting   | 4 5 |  5.0
Fighting       | 1 |  1.2
Maces & Flails | 1 |  1.1
Earth Magic    | 4 |  4.0
Dodging        | |  2.6
Stealth        | |  2.9
Transmutations | |  1.1

Action                   |  1- 3 |  4- 6 || total
-------------------------+-------+-------++-------
Melee: Unarmed           |     5 |       ||     5
       Mace              |    56 |     8 ||    64
 Cast: Sandblast         |    33 |    18 ||    51
       Stone Arrow       |       |     1 ||     1
  Use: Potion            |       |     3 ||     3
 Stab: Sleeping          |     6 |       ||     6
Armor: Robe              |    14 |     2 ||    16
Dodge: Dodged            |    64 |    16 ||    80

Table legend: (Time is in decaauts)
 A = Elapsed time spent in this place.
 B = Non-inter-level travel time spent in this place.
 C = Inter-level travel time spent in this place.
 D = Time resting spent in this place.
 E = Time spent auto-exploring this place.
 F = Levels seen in this place.
 G = Mean time per level.
                   A        B        C        D        E       F      G
               +--------+--------+--------+--------+--------+-----+--------+
         Total |   2288 |   2274 |     14 |      0 |   1921 |   4 |  572.0 |
       Dungeon |   2288 |   2274 |     14 |      0 |   1921 |   4 |  572.0 |
               +--------+--------+--------+--------+--------+-----+--------+

Top non-repeatable levels by time:
     D:1: 1228 daAuts
     D:2: 896 daAuts
     D:4: 146 daAuts
     D:5: 18 daAuts
